 Dungeon Crawl Stone Soup version 0.29-a0-337-g68df138881 (webtiles) character file.

Game seed: 7486959255213830233

1947 Sunnyzura the Fighter (level 8, -4/75 HPs)
             Began as a Minotaur Monk on Apr 17, 2022.
             Was an Elder of Lugonu.
             Succumbed to a gnoll sergeant's poison
             ... on level 6 of the Dungeon.
             The game lasted 00:54:30 (4476 turns).

Sunnyzura the Fighter (Minotaur Monk)               Turns: 4476, Time: 00:54:31

Health: -4/75      AC: 10    Str: 18    XL:     8   Next: 98%
Magic:  9/10       EV: 12    Int:  7    God:    Lugonu [****..]
Gold:   286        SH:  0    Dex: 13    Spells: 6/7 levels left

rFire   . . .      SeeInvis .   q - +2 war axe (chaos)
rCold   . . .      Faith    .   (no shield)
rNeg    + . .      Spirit   .   o - +0 scale mail
rPois   +          Reflect  .   (helmet restricted)
rElec   .          Harm     .   j - +0 cloak
rCorr   .          Rampage  .   (no gloves)
Will    .....                   f - +0 pair of boots
Stlth   ..........              k - amulet of regeneration
HPRegen 1.02/turn               r - ring of positive energy
MPRegen 0.12/turn               g - ring of poison resistance

@: lethally poisoned (-4 -> -16)
A: horns 2, retaliatory headbutt
a: Renounce Religion, Depart the Abyss, Bend Space, Banish, Corrupt


You were on level 6 of the Dungeon.
You worshipped Lugonu.
Lugonu was greatly pleased with you.
You visited 1 branch of the dungeon, and saw 7 of its levels.

You collected 286 gold pieces.

Inventory:

Hand Weapons
 a - a +0 hand axe
 h - a +3 short sword
 i - a +4 trident
 q - a +2 war axe of chaos (weapon)
 u - a +2 dagger of draining
 y - a +2 whip of electrocution
 F - a +1 mace of holy wrath
Missiles
 n - 194 stones (quivered)
 s - 11 boomerangs
Armour
 b - a +0 robe
 f - a +0 pair of boots (worn)
 j - a +0 cloak (worn)
 l - a +2 helmet of see invisible
 o - a +0 scale mail (worn)
Jewellery
 g - a ring of poison resistance (right hand)
 k - an amulet of regeneration (around neck)
 r - a ring of positive energy (left hand)
 D - a ring of poison resistance
Wands
 A - a wand of flame (22)
 G - a wand of polymorph (9)
Scrolls
 d - 2 scrolls of magic mapping
 t - a scroll of teleportation {unknown}
 z - a scroll of enchant weapon
 E - a scroll of brand weapon
Potions
 c - 2 potions of ambrosia
 e - 2 potions of attraction
 m - a potion of heal wounds {unknown}
 p - 2 potions of brilliance {unknown}
 v - a potion of cancellation {unknown}
 w - a potion of flight {unknown}
 x - 5 potions of curing {unknown}
 B - a potion of resistance {unknown}
 C - 3 potions of mutation {unknown}


   Skills:
 * Level 8.6 Fighting
 + Level 6.1(6.5) Axes
 - Level 2.0(4.3) Maces & Flails
 - Level 2.0(4.3) Polearms
 + Level 5.7 Armour
 + Level 6.4 Dodging
 - Level 1.5 Stealth
 + Level 4.0 Invocations


You had 6 spell levels left.
You knew the following spells:

 Your Spells              Type           Power      Damage    Failure   Level
a - Sting                 Tmut/Pois      0%         1d3       80%         1

Your spell library contained the following spells:

 Spells                   Type           Power      Damage    Failure   Level
 Magic Dart               Conj           0%         1d3       80%         1
 Call Imp                 Summ           0%         N/A       90%         2
 Poisonous Vapours        Pois/Air       0%         N/A       90%         2
 Searing Ray              Conj           0%         2d4       90%         2
 Sublimation of Blood     Necr           0%         N/A       90%         2
 Mephitic Cloud           Conj/Pois/Air  0%         N/A       99%         3
 Fulminant Prism          Conj/Hex       0%         3d6       100%        4
 Olgreb's Toxic Radiance  Pois           0%         N/A       100%        4
 Petrify                  Tmut/Erth      0%         N/A       100%        4
 Irradiate                Conj/Tmut      0%         3d13      100%        5
 Chain Lightning          Conj/Air       0%         N/A       100%        9
 Fire Storm               Conj/Fire      0%         5d1       100%        9
 Shatter                  Erth           0%         3d5*      100%        9


Dungeon Overview and Level Annotations

Branches:
Dungeon (7/15)
 Temple: D:4-7

Altars:
Fedhas
Makhleb
Lugonu


Innate Abilities, Weirdness & Mutations

You have a pair of horns on your head.
You reflexively headbutt those who attack you in melee.


Message History

You are engulfed in a cloud of scalding steam.
You feel very sick. The steam dragon closely misses you.
You furiously retaliate!
You headbutt the steam dragon. The steam dragon claws you.
The gnoll sergeant closely misses you.
The steam dragon attacks as you move away!
The steam dragon bites you. The steam dragon claws you.
You feel very sick.
You are too injured to fight recklessly!
You hit the steam dragon.
The steam dragon is almost dead.
You feel very sick. The steam dragon bites you.
The steam dragon barely misses you.
You closely miss the steam dragon. Your headbutt misses the steam dragon.
The steam dragon is almost dead.
You feel very sick. The steam dragon barely misses you.
You furiously retaliate!
You headbutt the steam dragon. The steam dragon barely misses you.
The gnoll sergeant hits you but does no damage.
You slash the steam dragon!
You kill the steam dragon!
Lugonu accepts your kill.
The steam dragon scales are intact enough to wear.
You feel sick.
The gnoll sergeant hits you from afar with a +2 spear of venom!
* * * LOW HITPOINT WARNING * * *
Your Invocations skill increases to level 4!
Okay, then.
You feel sick.
You feel sick.
You feel sick.
You feel sick.
A gnoll comes into view. It is wielding a +0 club.
There is a stone staircase leading up, spattered with blood here.
You feel sick.
The gnoll sergeant hits you from afar with a +2 spear of venom!
* * * LOW HITPOINT WARNING * * *
You are lethally poisoned!
You climb upwards.
You die...

.##...###..#....#.###.## ##......
##.....##....#.........###.......
###...###...##...###..##.......#.
##.....###.####..# ##..#.....?.#.
#.......##......## #...........>.
.........##.....# #..........#..
#.......####....## #.....#....#..
.........###..#..# #....##..####.
..........##....@# #........# ##
...........#....## ##......#####
.............##.### ###.##.##..#
...........#.#..#.###.#..##....#
..........##...................#
.........#####...###...........##
#.......######...##...#..#.......
.........##......##..##..#....###
#.......##..))..).##..........#


There were no monsters in sight!

Vanquished Creatures
  2 steam dragons (D:7)
  An acid dragon (D:7)
  A sky beast (D:7)
  2 black bears
  A centaur (D:6)
  A kobold brigand (D:6)
  A necrophage (D:7)
  A scorpion (D:7)
  5 wights (D:6)
  7 killer bees
  A gnoll shaman (D:6)
  2 jellies
  An orc priest (D:7)
  Jessica (D:3)
  Terence (D:3)
  An orc wizard (D:7)
  Natasha (twice) (D:2)
  An iguana (D:6)
  5 gnolls (D:6)
  2 adders
  2 shadow imps (D:6)
  A white imp (D:7)
  2 worms (D:2)
  2 dart slugs
  25 orcs
  6 ball pythons
  4 endoplasms
  A giant cockroach (D:2)
  7 goblins
  5 hobgoblins
  4 jackals (D:2)
  13 kobolds
  3 quokkas
  5 bats
  A frilled lizard (D:3)
  4 rats
124 creatures vanquished.

Vanquished Creatures (others)
  17 fungi
17 creatures vanquished.

Grand Total: 141 creatures vanquished

Notes
Turn   | Place    | Note
-------+----------+-------------------------------------------
     0 | D:1      | Sunnyzura the Minotaur Monk began the quest for the Orb.
     0 | D:1      | Reached XP level 1. HP: 19/19 MP: 0/0
   181 | D:1      | Reached XP level 2. HP: 27/27 MP: 1/1
   336 | D:1      | Reached skill level 1 in Armour
   515 | D:2      | Learned a level 1 spell: Sting
   581 | D:2      | Reached skill level 4 in Fighting
   616 | D:2      | Reached XP level 3. HP: 33/33 MP: 2/2
   649 | D:2      | Noticed Natasha
   965 | D:2      | Found a blossoming altar of Fedhas.
  1075 | D:2      | Killed Natasha
  1076 | D:2      | Reached XP level 4. HP: 32/41 MP: 3/3
  1219 | D:2      | Noticed Natasha
  1226 | D:2      | Killed Natasha
  1369 | D:3      | Noticed Jessica
  1384 | D:3      | Killed Jessica
  1385 | D:3      | Reached XP level 5. HP: 40/47 MP: 4/4
  1420 | D:3      | Noticed Terence
  1431 | D:3      | Killed Terence
  1520 | D:3      | Found a faded altar of an unknown god.
  1526 | D:3      | Prayed at the altar of an unknown god.
  1526 | D:3      | Became a worshipper of Lugonu the Unformed
  1526 | D:3      | Reached * piety under Lugonu
  1526 | D:3      | Reached ** piety under Lugonu
  1526 | D:3      | Reached *** piety under Lugonu
  2326 | D:4      | Reached **** piety under Lugonu
  2844 | D:5      | Entered Level 5 of the Dungeon
  2871 | D:5      | Noticed a hornet
  2903 | D:6      | Reached skill level 5 in Fighting
  2942 | D:6      | Reached XP level 6. HP: 38/53 MP: 5/5
  2944 | D:6      | Reached skill level 1 in Maces & Flails
  2944 | D:6      | Reached skill level 1 in Invocations
  2949 | D:6      | Reached skill level 5 in Dodging
  2999 | D:6      | Reached skill level 6 in Fighting
  2999 | D:6      | Reached XP level 7. HP: 63/63 MP: 3/7
  3001 | D:6      | Reached skill level 1 in Polearms
  3639 | D:6      | Reached skill level 5 in Axes
  3644 | D:6      | Reached skill level 7 in Fighting
  3776 | D:7      | Reached XP level 8. HP: 53/73 MP: 7/9
  3837 | D:7      | Reached skill level 5 in Armour
  4031 | D:7      | Reached skill level 8 in Fighting
  4062 | D:7      | Found a burning altar of Makhleb.
  4475 | D:7      | HP: 2/75 [gnoll sergeant/+2 spear of venom (10)]
  4476 | D:6      | Succumbed to a gnoll sergeant's poison

Illustrated notes

Levels and vault maps discovered:
D:1:      dpeg_arrival_shrine, layout_rooms
D:2:      minmay_general_purpose_star, layout_basic, basic_altar, uniq_natasha
D:3:      layout_loops_corners, shapermc_ecumenical_altar_acropolis,
          uniq_terence, uniq_jessica
D:4:      layout_loops_ring
D:5:      minmay_chambers_of_threes, layout_rooms,
          minmay_temple_entry_purple_smoke, serial_shops, shop,
          kennysheep_mini_moat, nicolae_diamond_shop, serial_bayou_pond_e
D:6:      layout_cave_pools, minivault_24, nicolae_figureground_pulse
D:7:      kennysheep_steamy, layout_rooms, bloody_makhleb

Skill      XL: |  1  2  3  4  5  6  7  8 |
---------------+-------------------------+-----
Armour         | 1 2 3 4 5 |  5.7
Fighting       | 4 5 6 7 8 |  8.6
Axes           | 4 5 6 |  6.1
Dodging        | 4 5 6 |  6.4
Maces & Flails | 2 |  2.0
Invocations    | 1 2 4 |  4.0
Polearms       | 2 |  2.0
Stealth        | |  1.5

Action                   |  1- 3 |  4- 6 |  7- 9 || total
-------------------------+-------+-------+-------++-------
Melee: Hand axe          |    67 |   116 |       ||   183
       Headbutt          |    16 |    24 |    18 ||    58
       Punch             |     1 |     1 |       ||     2
       Mace              |       |    13 |     6 ||    19
       Trident           |       |     2 |    34 ||    36
       War axe           |       |       |    69 ||    69
Throw: Stone             |     1 |       |       ||     1
Invok: Bend Space        |       |     6 |     1 ||     7
  Use: Scroll            |       |     8 |     1 ||     9
       Potion            |       |     3 |       ||     3
 Stab: Sleeping          |     1 |       |       ||     1
Armor: Robe              |     3 |       |       ||     3
       Scale mail        |    18 |    48 |    62 ||   128
Dodge: Dodged            |    35 |    95 |   108 ||   238

Table legend: (Time is in decaauts)
 A = Elapsed time spent in this place.
 B = Non-inter-level travel time spent in this place.
 C = Inter-level travel time spent in this place.
 D = Time resting spent in this place.
 E = Time spent auto-exploring this place.
 F = Levels seen in this place.
 G = Mean time per level.
                   A        B        C        D        E       F      G
               +--------+--------+--------+--------+--------+-----+--------+
         Total |   4528 |   3662 |    866 |    531 |   2201 |   7 |  646.9 |
       Dungeon |   4528 |   3662 |    866 |    531 |   2201 |   7 |  646.9 |
               +--------+--------+--------+--------+--------+-----+--------+

Top non-repeatable levels by time:
     D:3: 1033 daAuts
     D:6: 898 daAuts
     D:7: 728 daAuts
     D:2: 715 daAuts
     D:4: 566 daAuts
     D:1: 545 daAuts
     D:5: 40 daAuts
